[Event "Late-Titled-Tuesday-Blitz-February-20-2024"]
[Site "Chess.com"]
[Date "2024.02.20"]
[Round "7"]
[White "Bala-Afiada"]
[Black "igorknyazev"]
[Result "0-1"]
[WhiteElo "1962"]
[BlackElo "2204"]
[TimeControl "180+1"]
[EndTime "15:17:23 PST"]
[Termination "igorknyazev won on time"]

1. d4 Nf6 2. c4 c5 3. d5 b5 4. cxb5 a6 5. b6 g6 6. Nc3 d6 7.
a4 Qxb6 8. Nf3 Bg7 9. e4 O-O 10. Nd2 Nbd7 11. Nc4 Qb7 12. Na5 Qc7 13. Nc6 Re8 14. Be2 e6 15. O-O exd5 16. exd5 Bb7 17. Bf3 Bxc6 18. dxc6 Ne5 19. Nd5 Nxf3+ 20. Qxf3 Nxd5 21.
Qxd5 Re5 22. Qf3 Rae8 23. Bf4 Rf5 24. Rfe1 Be5 25. g3 Re6 26. Qg4 Bxf4 27. Rxe6 fxe6 28. gxf4 Qxc6 29. Re1 Qd5 30. Qh4 Qc4 31. Qd8+ Kg7 32. Qe7+ Rf7 33. Qxe6 Qxe6 34. Rxe6 Rxf4 35. Rxd6 Rxa4 36.
Rc6 c4 37. Kg2 Kf7 38. Kf3 g5 39. Ke3 h5 40. Kd4 Ke7 41. Rxc4 Ra2 42. Rc5 Kf6 43. Kc3 h4 44. h3 Ra1 45. Rc6+ Kf5 46. Rc5+ Kf4 0-1

[Event "Late-Titled-Tuesday-Blitz-February-20-2024"]
[Site "Chess.com"]
[Date "2024.02.20"]
[Round "7"]
[White "alexrustemov"]
[Black "NoHeThTo"]
[Result "0-1"]
[WhiteElo "2860"]
[BlackElo "2638"]
[TimeControl "180+1"]
[EndTime "15:17:26 PST"]
[Termination "NoHeThTo won on time"]

1. d4 Nf6 2. c4 g6 3. Nf3 Bg7 4. g3 O-O 5. Bg2 d6 6. Nc3 Nc6 7.
O-O e5 8. d5 Nb8 9. e4 a5 10.
Rb1 Na6 11. b3 Nc5 12. Re1 Ne8 13. a3 f5 14. exf5 gxf5 15. Bg5 Bf6 16. Bxf6 Qxf6 17. b4 axb4 18. axb4 Ne4 19. Qc2 Ng7 20. Nd2 Ng5 21. Nb5 f4 22. Ne4 Nxe4 23. Bxe4 Bf5 24. Nxc7 Bxe4 25.
Rxe4 Ra3 26. Nb5 Rf3 27. Re2 fxg3 28. hxg3 Nh5 29. Rb3 Rf5 30. Kg2 Qg5 31. Kh2 Rf3 32. Rxf3 Rxf3 33. Qe4 Rxf2+ 34. Rxf2 Qxg3+ 35. Kh1 Qxf2 36.
Qg4+ Ng7 37. Qc8+ Kf7 38. Nxd6+ Kg6 39. Qg4+ Kh6 40. Ne4 Qf1+ 41. Kh2 Qc1 42. d6 Nh5 43. Qg5+ Qxg5 0-1

[Event "Late-Titled-Tuesday-Blitz-February-20-2024"]
[Site "Chess.com"]
[Date "2024.02.20"]
[Round "7"]
[White "TheMagician"]
[Black "Chessdude1987"]
[Result "0-1"]
[WhiteElo "2205"]
[BlackElo "2362"]
[TimeControl "180+1"]
[EndTime "15:17:26 PST"]
[Termination "Chessdude1987 won on time"]

1. d4 e6 2. e4 d5 3. exd5 exd5 4. Bd3 c5 5. Nf3 Nc6 6. dxc5 Bxc5 7. O-O Nf6 8. Bg5 O-O 9. h3 h6 10. Bh4 Qd6 11.
Kh1 Ne4 12. Nc3 Bf5 13. Bxe4 dxe4 14. Qxd6 Bxd6 15. Ne1 g5 16. Bg3 Rad8 17. Nd1 Bg6 18. Bxd6 Rxd6 19. g4 f5 20. gxf5 Rxf5 21. Kg2 Rd2 22.
Ne3 Rb5 23. Rd1 Rxd1 24. Nxd1 Nd4 25. c4 Rc5 26. Ne3 a5 27. b3 a4 28. N1c2 Nxc2 29. Nxc2 b5 30. Ne3 bxc4 31. bxc4 Kf7 32. Rb1 Bh5 33.
Rb4 Bf3+ 34. Kg3 Ra5 35. a3 Ra7 36. c5 h5 37. h4 gxh4+ 38. Kxh4 Ra6 39. Rb6 Ra7 0-1

[Event "Late-Titled-Tuesday-Blitz-February-20-2024"]
[Site "Chess.com"]
[Date "2024.02.20"]
[Round "7"]
[White "vovachesss"]
[Black "rhungaski"]
[Result "1-0"]
[WhiteElo "2793"]
[BlackElo "2600"]
[TimeControl "180+1"]
[EndTime "15:17:27 PST"]
[Termination "vovachesss won on time"]

1. e4 g6 2. d4 Bg7 3. Nc3 d6 4. g3 a6 5. a4 b6 6. Bg2 Bb7 7. Nge2 Nd7 8. Be3 e5 9. Qd2 Ngf6 10. h3 Qe7 11. O-O O-O 12. Rfe1 h5 13. Bh6 Nh7 14. Bxg7 Kxg7 15. f4 h4 16. g4 exf4 17.
Nxf4 Qg5 18. Rf1 Rae8 19. Rf2 Ndf6 20. Re1 Ba8 21. b4 Re7 22. a5 bxa5 23. bxa5 Rfe8 24. Rfe2 Kf8 25. d5 Nd7 26. Rf1 Kg7 27. Qd4+ Qe5 28. Qc4 Nc5 29. Nd3 Nxd3 30. cxd3 Ng5 31. Re3 c5 32. dxc6 Qxa5 33. d4 d5 34. Nxd5 Rxe4 35.
Bxe4 Rxe4 36. Rxe4 Nxe4 37. Ne3 Nd6 38. Qc5 Qd2 39.
Qe5+ Kg8 40. Nd5 Bxc6 41. Ne7+ Kf8 42. Nxc6 1-0

[Event "Late-Titled-Tuesday-Blitz-February-20-2024"]
[Site "Chess.com"]
[Date "2024.02.20"]
[Round "7"]
[White "Hui_Li_Macau"]
[Black "TemploVillamarin"]
[Result "1-0"]
[WhiteElo "2353"]
[BlackElo "2184"]
[TimeControl "180+1"]
[EndTime "15:17:27 PST"]
[Termination "Hui_Li_Macau won by resignation"]

1. e4 d5 2. exd5 Qxd5 3. Nc3 Qa5 4. d4 Nf6 5. Nf3 Nc6 6. Bb5 Nd5 7.
Bd2 Nxc3 8. Bxc6+ bxc6 9. Bxc3 Qd5 10. h3 Ba6 11. Qd2 g6 12. b3 h5 13. Qe3 Bg7 14. Bb2 O-O 15. c4 Qf5 16. O-O c5 17. Bc3 cxd4 18. Bxd4 Bxd4 19. Nxd4 Qf6 20. Rad1 Bb7 21.
Nb5 Qc6 22. f3 a6 23. Nc3 Qf6 24. Nd5 Bxd5 25. Rxd5 Rad8 26. Rfd1 Rxd5 27. cxd5 Rd8 28. Rd2 Qb6 29. Kf2 Kg7 30. Qxb6 cxb6 31. Ke3 Kf6 32. h4 Ke5 33. f4+ Kd6 34. Rc2 Kxd5 35.
Rd2+ Kc5 36. Rxd8 Kb4 37. Rb8 b5 38. Rb7 e5 39. fxe5 a5 40. Rxf7 a4 41. bxa4 Kxa4 42. e6 b4 43. Ra7+ Kb5 44. e7 Kc4 45. e8=Q Kc3 46. Qxg6 Kb2 47. Qd3 Ka1 48. Qc4 b3 49. axb3+ Kb2 50. b4 Kb1 51. b5 Kb2 52. b6 Kb1 53. b7 1-0

[Event "Late-Titled-Tuesday-Blitz-February-20-2024"]
[Site "Chess.com"]
[Date "2024.02.20"]
[Round "7"]
[White "Mikasinski"]
[Black "Perecke"]
[Result "1-0"]
[WhiteElo "2683"]
[BlackElo "2502"]
[TimeControl "180+1"]
[EndTime "15:17:29 PST"]
[Termination "Mikasinski won on time"]

1. e4 c5 2. Nf3 e6 3. d4 cxd4 4. Nxd4 Nc6 5. Nc3 Qc7 6. Be2 a6 7. O-O b5 8. Nxc6 Qxc6 9. Bf3 Bb7 10. Bf4 Ne7 11. Re1 Ng6 12. Bg3 Be7 13. Nd5 e5 14. Bg4 d6 15. a4 O-O 16. c3 Bd8 17. axb5 axb5 18. Rxa8 Bxa8 19. Bf5 Ne7 20. Nb4 Qc5 21. Bg4 Bb6 22. h4 g6 23. h5 f5 24. Nd3 Qc4 25. exf5 gxf5 26. Be2 Qf7 27. Bh4 f4 28. Bf3 Nf5 29. Bxa8 Rxa8 30. Qf3 Re8 31. Bg5 h6 32. Qc6 Rb8 33. Bxh6 Qxh5 34. Bxf4 exf4 35. Qd5+ Kh8 36.
Qe6 Rg8 37. Nxf4 Bxf2+ 38. Kxf2 Qh4+ 39. Ke2 Qg4+ 40. Kd3 Qg3+ 41. Kc2 1-0

[Event "Late-Titled-Tuesday-Blitz-February-20-2024"]
[Site "Chess.com"]
[Date "2024.02.20"]
[Round "7"]
[White "Tunahan_Makaraci"]
[Black "Sajkochess"]
[Result "1-0"]
[WhiteElo "2520"]
[BlackElo "2371"]
[TimeControl "180+1"]
[EndTime "15:17:29 PST"]
[Termination "Tunahan_Makaraci won on time"]

1. e4 c6 2. d4 d5 3. exd5 cxd5 4. c4 Nf6 5. Nc3 e6 6. Nf3 Bb4 7. cxd5 exd5 8. Bd3 O-O 9. O-O Nc6 10. h3 h6 11.
Bf4 Bd6 12. Bxd6 Qxd6 13. Re1 Bd7 14. Qd2 a6 15. Rad1 Rfe8 16. Bc2 b5 17. a3 Na5 18. Rxe8+ Bxe8 19. Ne5 Nc4 20. Nxc4 bxc4 21. Re1 Bd7 22. Re5 Rb8 23. Ba4 Bxa4 24. Nxa4 Ne4 25. Qf4 Qd8 26. Rxd5 Qe8 27. Re5 Qxa4 28. Qxe4 Qd1+ 29. Kh2 Qd3 30.
Re8+ Rxe8 31. Qxe8+ Kh7 32. Qxf7 Qxd4 33. Qf5+ Kh8 34.
Qc2 Qd3 35. Qc3 Qe2 36. Kg3 h5 37. Qd4 a5 38. a4 Qc2 39. Qc3 Qe4 40. Kh2 h4 41. Qe3 Qc2 42. Qe8+ Kh7 43. Qh5+ Kg8 44. Qxh4 1-0

[Event "Late-Titled-Tuesday-Blitz-February-20-2024"]
[Site "Chess.com"]
[Date "2024.02.20"]
[Round "7"]
[White "Rud_Makarian"]
[Black "TenisMaster"]
[Result "0-1"]
[WhiteElo "3076"]
[BlackElo "2991"]
[TimeControl "180+1"]
[EndTime "15:17:30 PST"]
[Termination "TenisMaster won by resignation"]

1. d4 Nf6 2. c4 e6 3. Nf3 d5 4. g3 dxc4 5. Bg2 a6 6. O-O Nc6 7. e3 Bd7 8. a4 Rb8 9. a5 Bb4 10.
Bd2 O-O 11. Qc2 b5 12. axb6 cxb6 13. Rxa6 b5 14. Ne5 Nxe5 15. Bxb4 Nd3 16. Bxf8 Qxf8 17. Ra7 Qc8 18. Nc3 Bc6 19. e4 b4 20. d5 Bd7 21. dxe6 fxe6 22. Ne2 Qc5 23. Raa1 Ng4 24. Nf4 Nxf4 25. gxf4 Rf8 26. h3 Nf6 27. Qd2 Bb5 28. Qe3 Qc7 29. Ra7 Qb8 30. Rfa1 Nh5 31. f5 Qe8 32. Qg5 Bd7 33. Rd1 Bc8 34. Re7 Qa4 35. Qxh5 exf5 36. Re1 f4 37. Qd5+ Kh8 38. Qxc4 Qa5 39.
Qd4 Qg5 40. Qe5 Qg6 41. f3 Bxh3 42. Re2 Rd8 43. Kh2 Qg3+ 0-1

[Event "Late-Titled-Tuesday-Blitz-February-20-2024"]
[Site "Chess.com"]
[Date "2024.02.20"]
[Round "7"]
[White "maxip32"]
[Black "Grischuk"]
[Result "1/2-1/2"]
[WhiteElo "2660"]
[BlackElo "3048"]
[TimeControl "180+1"]
[EndTime "15:17:30 PST"]
[Termination "Game drawn by repetition"]

1. e4 c5 2. Nf3 Nc6 3. Bb5 e6 4. O-O Nge7 5. d4 cxd4 6. Nxd4 Ng6 7. Nc3 Be7 8. Be3 O-O 9. a4 Qc7 10. Be2 b6 11. Kh1 Bb7 12. Ndb5 Qb8 13. f4 a6 14. Na3 Bc5 15. Qd2 f6 16. Nc4 Qc7 17. Bxc5 bxc5 18.
Qd6 Qxd6 19. Nxd6 Rfb8 20. b3 Nd4 21. Bd3 Kf8 22. Ne2 Ke7 23. Nxb7 Rxb7 24. Nxd4 cxd4 25. g3 a5 26. Rfd1 Rc7 27. h4 e5 28. f5 Nf8 29.
g4 d6 30. g5 Nd7 31. Rg1 Nc5 32. Bc4 Rac8 33. Rae1 Rf8 34. Rg4 g6 35. gxf6+ Rxf6 36. Reg1 Kf8 37. h5 Rg7 38. fxg6 hxg6 39. hxg6 Ke7 40.
Kh2 Rf3 41. R1g3 Rf2+ 42. Rg2 Rf3 43. R2g3 Rf2+ 44. Rg2 Rf3 45. Rh4 Kf6 46. Rhg4 Ke7 1/2-1/2

[Event "Late-Titled-Tuesday-Blitz-February-20-2024"]
[Site "Chess.com"]
[Date "2024.02.20"]
[Round "7"]
[White "noblerone"]
[Black "Sanyura"]
[Result "0-1"]
[WhiteElo "2511"]
[BlackElo "2616"]
[TimeControl "180+1"]
[EndTime "15:17:30 PST"]
[Termination "Sanyura won by checkmate"]

1. d4 Nf6 2. Nf3 g6 3. c4 Bg7 4. Nc3 O-O 5. Bg5 d6 6. e3 Nbd7 7. Be2 e5 8. O-O exd4 9. Nxd4 Nc5 10. Rc1 a5 11. b3 c6 12. h3 Qb6 13. Nc2 Rd8 14. Bf3 a4 15. b4 Ne6 16. Bh4 a3 17. b5 Qa5 18. bxc6 bxc6 19. Nd4 Nxd4 20. exd4 Qa6 21. Ne4 Nxe4 22. Bxe4 Re8 23. Bf3 Be6 24. d5 cxd5 25. Bxd5 Bxd5 26. Qxd5 Re2 27. Bg3 Rxa2 28. c5 dxc5 29. Qxa2 Bd4 30. Rfe1 Qf6 31. Re2 Qg5 32. Rd1 h5 33. h4 Qg4 34. Red2 Ra5 35. Kh2 g5 36. hxg5 h4 37. Bc7 Ra7 38. Bb6 Rb7 39. Ba5 h3 40. gxh3 Be5+ 41. Kh1 Qxh3+ 42.
Kg1 Bh2+ 43. Kh1 Bf4+ 44. Kg1 Qh2+ 45. Kf1 Qh1+ 46. Ke2 Re7+ 47. Kd3 Qe4+ 48. Kc3 Rb7 49. Qc4 Be5+ 50. Rd4 Bxd4+ 51. Kd2 Rb2+ 52. Kc1 Qb1# 0-1

[Event "Late-Titled-Tuesday-Blitz-February-20-2024"]
[Site "Chess.com"]
[Date "2024.02.20"]
[Round "7"]
[White "FredddieCroderg"]
[Black "laskakid"]
[Result "1-0"]
[WhiteElo "2213"]
[BlackElo "2338"]
[TimeControl "180+1"]
[EndTime "15:17:30 PST"]
[Termination "FredddieCroderg won on time"]

1. e4 e5 2. Nf3 Nf6 3. Bc4 Nxe4 4. Nc3 Nxc3 5. dxc3 f6 6. Nh4 g6 7. f4 Qe7 8. f5 Qg7 9. fxg6 hxg6 10. Qg4 Kd8 11. Qg3 g5 12. Nf5 Qh7 13. Bd3 d5 14. Ne3 e4 15.
Be2 c6 16. Bd2 Qh4 17. O-O-O Be6 18. c4 Nd7 19. cxd5 cxd5 20. Be1 Qxg3 21. Bxg3 Nb6 22. c4 Rc8 23. Kb1 Bc5 24. Nxd5 Nxd5 25. cxd5 Bd7 26. Rhf1 f5 27. Be5 Rg8 28. d6 f4 29. Bc4 Rg6 30. Bf7 Rh6 31. h4 Bg4 32. hxg5 Rh2 33. Bxf4 Rxg2 34. Rc1 Bf5 35. Ka1 e3 36. g6 e2 37. g7 exf1=Q 38. Rxf1 Rxg7 39. Bh5 Kd7 40. Be5 Rg5 41. Bf3 Bxd6 42. Bd4 b6 43. Bb7 Rc7 44. Ba6 Rc2 45. Bb5+ Ke7 46. Re1+ Kf7 47. Ba4 Rd2 48. Bb3+ 1-0

[Event "Late-Titled-Tuesday-Blitz-February-20-2024"]
[Site "Chess.com"]
[Date "2024.02.20"]
[Round "7"]
[White "wild3000"]
[Black "Marianov_Podstavnikov"]
[Result "0-1"]
[WhiteElo "2389"]
[BlackElo "2518"]
[TimeControl "180+1"]
[EndTime "15:17:35 PST"]
[Termination "Marianov_Podstavnikov won on time"]

1. d4 Nf6 2. Nf3 d5 3. g3 c6 4. Bg2 Bf5 5. O-O h6 6. c4 e6 7. Nc3 Nbd7 8. b3 Bd6 9. Bb2 O-O 10. Rc1 a5 11. a3 Qe7 12. c5 Bc7 13. e3 e5 14. b4 axb4 15. axb4 Ne4 16. Nxe4 Bxe4 17.
Nxe5 Nxe5 18. Bxe4 dxe4 19. dxe5 Bxe5 20. Bxe5 Qxe5 21.
Qb3 Rfd8 22. Rfd1 h5 23. h4 g6 24. Qc4 Kg7 25. b5 Rxd1+ 26. Rxd1 Ra3 27. bxc6 bxc6 28. Qd4 Qxd4 29. exd4 f5 30. d5 cxd5 31. Rxd5 Rc3 32. Kf1 Kf7 33. Rd7+ Ke6 34. Rg7 Kf6 35. Rc7 Rc2 36.
Rc8 Ke5 37. Rc6 e3 38. fxe3 Ke4 39. Rxg6 Kf3 40. Kg1 Rxc5 41. Rg5 Ra5 42. Kh2 Ra2+ 43. Kh3 Ra5 44. Rxh5 Kxe3 45. Rg5 Ke4 46. h5 Ra1 47.
Kg2 Ra2+ 48. Kg1 Kf3 49. h6 Ra1+ 50. Kh2 Ra2+ 51. Kh3 Ra1 52. Rxf5+ Ke4 53. Rf6 Ke5 54. Rb6 Kf5 55. Kg2 Ra2+ 56. Kh3 Ra1 0-1

[Event "Late-Titled-Tuesday-Blitz-February-20-2024"]
[Site "Chess.com"]
[Date "2024.02.20"]
[Round "7"]
[White "kibromNNN"]
[Black "Viktor_Poddubnyi"]
[Result "0-1"]
[WhiteElo "1735"]
[BlackElo "2260"]
[TimeControl "180+1"]
[EndTime "15:17:35 PST"]
[Termination "Viktor_Poddubnyi won by resignation"]

1. d4 g6 2. c4 Bg7 3. Nc3 c5 4. e4 cxd4 5. Nd5 e6 6. Nf4 Nc6 7. Bd3 Nf6 8. Nf3 O-O 9. O-O d6 10. a3 e5 11. Nd5 Nxd5 12. cxd5 Ne7 13. Bd2 h6 14. Qc1 Kh7 15. g3 f5 16. Nh4 fxe4 17.
Bxe4 Nf5 18. Ng2 Bd7 19. f4 Rc8 20. Qd1 Qb6 21. Bb4 a5 22. Bd2 Ne3 23. Bxe3 dxe3 24. Kh1 Qxb2 25. Rb1 e2 26. Rxb2 exd1=Q 27. Rxd1 exf4 28.
Rxb7 Bg4 29. Re1 fxg3 30. hxg3 Rce8 31. Nf4 Bf5 32. Bxf5 Rxe1+ 33. Kg2 Rxf5 34. Ne6 Rxe6 35. dxe6 Re5 36. Re7 Kg8 37. Kf3 Bf8 38. Kf4 Bxe7 0-1

[Event "Late-Titled-Tuesday-Blitz-February-20-2024"]
[Site "Chess.com"]
[Date "2024.02.20"]
[Round "7"]
[White "ckgchess"]
[Black "Angry_Twin"]
[Result "0-1"]
[WhiteElo "2881"]
[BlackElo "2981"]
[TimeControl "180+1"]
[EndTime "15:17:38 PST"]
[Termination "Angry_Twin won on time"]

1. e4 c5 2. Nf3 d6 3. d4 cxd4 4. Nxd4 Nf6 5. Nc3 a6 6. Bc4 e6 7. Be3 Nbd7 8. g4 Ne5 9. Be2 Qc7 10. g5 Nfd7 11. f4 Nc4 12. Bxc4 Qxc4 13. Qd3 b5 14. Qxc4 bxc4 15. O-O-O Bb7 16. f5 Nc5 17. fxe6 fxe6 18. Rhf1 Be7 19. e5 dxe5 20. Nf3 Nd7 21. Nd2 Rc8 22. Nde4 Rf8 23. Rxf8+ Bxf8 24. Nd6+ Bxd6 25. Rxd6 Ke7 26. Rd2 Rf8 27. Rf2 Rf5 28. Kd2 Kf7 29. Re2 Kg6 30. b3 cxb3 31. axb3 Rf3 32. Na4 Kf5 33. Nc5 Rxe3 34. Nxd7 Rxe2+ 35. Kxe2 Kxg5 36.
Nxe5 Kf4 37. Nd3+ Kf5 38. Nc5 Bc8 39. b4 Ke5 40. Ke3 Kd5 41. Ne4 Bd7 42. Nd2 Bb5 43. c3 g5 44. Nf3 g4 45. Ng5 h5 46. Nh7 Ke5 0-1

[Event "Late-Titled-Tuesday-Blitz-February-20-2024"]
[Site "Chess.com"]
[Date "2024.02.20"]
[Round "7"]
[White "abeljusto"]
[Black "NowInChess"]
[Result "1-0"]
[WhiteElo "2103"]
[BlackElo "2271"]
[TimeControl "180+1"]
[EndTime "15:17:38 PST"]
[Termination "abeljusto won by checkmate"]

1. d4 Nf6 2. Bf4 d6 3. Nc3 g6 4. e4 Bg7 5. Qd2 O-O 6. O-O-O c6 7. Bh6 b5 8. f3 b4 9. Nce2 a5 10. h4 Nbd7 11. h5 e5 12. hxg6 fxg6 13. Bxg7 Kxg7 14. Qh6+ Kg8 15. dxe5 Nxe5 16. Nf4 Qe7 17. Nge2 Ba6 18. Nd4 Bxf1 19. Rdxf1 Rf7 20. Nde6 Nh5 21. Nxh5 Qxe6 22.
Nf4 Qxa2 23. b3 Qa1+ 24. Kd2 Qc3+ 25. Kd1 Qe3 26. Ne2 Qxh6 27. Rxh6 a4 28. bxa4 Rxa4 29.
Kd2 c5 30. Rb1 Ra2 31. Kd1 Nc4 32. Rh2 Rb7 33. Rc1 Ne3+ 34. Kd2 Nc4+ 35. Kd3 Nb2+ 36. Ke3 Na4 37. Kf4 Nc3 38. Nxc3 bxc3 39. Kg5 Rbb2 40. f4 Rxc2 41. f5 Rxg2+ 42. Rxg2 Rxg2+ 43. Kf6 gxf5 44. exf5 Rg3 45. Re1 h5 46. Re8+ Kh7 47. Re7+ Kh6 48. Re8 Rg7 49. Rh8+ Rh7 50. Rg8 c2 51. Rg6# 1-0

[Event "Late-Titled-Tuesday-Blitz-February-20-2024"]
[Site "Chess.com"]
[Date "2024.02.20"]
[Round "7"]
[White "Alphafischer2019"]
[Black "MeisterJabo"]
[Result "1-0"]
[WhiteElo "2679"]
[BlackElo "2446"]
[TimeControl "180+1"]
[EndTime "15:17:39 PST"]
[Termination "Alphafischer2019 won by checkmate"]

1. e4 e5 2. Nc3 Nf6 3. g3 Nc6 4. Bg2 Bc5 5. Nge2 O-O 6. O-O a6 7. d3 Ne7 8. Bg5 Ne8 9. d4 exd4 10. Nxd4 h6 11. Be3 d6 12. Qd2 Bd7 13. h3 Nc6 14.
Nxc6 Bxe3 15. Qxe3 Bxc6 16. Rad1 Qe7 17. f4 Nf6 18.
Rfe1 Rfe8 19. g4 Nd7 20. Qg3 g5 21. Ne2 Qf6 22. fxg5 hxg5 23. Nd4 Bxe4 24. Rxe4 Rxe4 25. Bxe4 Re8 26. Bg2 Ne5 27. Qf2 Qh8 28. Rf1 Qh7 29. Nf5 Ng6 30. Nh6+ Kh8 31. Qf6+ Qg7 32. Nxf7+ Kg8 33.
Qxg7+ Kxg7 34. Nxg5 Re2 35. Rf2 Re1+ 36. Kh2 Ne5 37. Nf3 Rc1 38. Nxe5 dxe5 39. Be4 c6 40. h4 Re1 41. Bf5 e4 42. g5 e3 43. Rg2 e2 44.
Kg3 Rf1 45. Rxe2 Rxf5 46. Re7+ Kg6 47. Kg4 Rf7 48. h5+ Kg7 49. h6+ Kg6 50. Rxf7 Kxf7 51.
Kf5 b5 52. g6+ Kg8 53. Kf6 c5 54. h7+ Kh8 55. Kf7 c4 56. g7+ Kxh7 57. g8=Q+ Kh6 58. Qg6# 1-0

[Event "Late-Titled-Tuesday-Blitz-February-20-2024"]
[Site "Chess.com"]
[Date "2024.02.20"]
[Round "7"]
[White "northridgehawk"]
[Black "WindWhistler11"]
[Result "0-1"]
[WhiteElo "2278"]
[BlackElo "2499"]
[TimeControl "180+1"]
[EndTime "15:17:40 PST"]
[Termination "WindWhistler11 won by checkmate"]

1. e4 e6 2. d4 d5 3. exd5 exd5 4. Nf3 Nc6 5. c4 Bb4+ 6. Nc3 Nf6 7. c5 Bg4 8. Be2 O-O 9. O-O b6 10. cxb6 axb6 11.
Bf4 Nh5 12. Be3 Bxc3 13. bxc3 Nf6 14. h3 Bf5 15. Bb5 Na7 16. Be2 Ne4 17. Qb3 Re8 18. a4 Nc6 19. Bb5 Na5 20. Qa3 Re6 21. Rfd1 Nd6 22. Qb4 Be4 23. Ne5 f6 24. Nd3 Nxb5 25.
axb5 Bxd3 26. Rxd3 Qe8 27. Qa4 Re4 28. Rdd1 Rd8 29. Qc2 Rd7 30. Re1 Rde7 31. Kf1 Qxb5+ 32. Kg1 f5 33. Bf4 Qe8 34. Be5 Nc4 35. f3 Rxe1+ 36.
Rxe1 Nxe5 37. Qxf5 Nxf3+ 38. Kf2 Nxe1 39. Qxd5+ Kh8 40.
Kg1 Nd3 41. Qc4 Nf4 42. Kh2 Ne2 43. Qd5 c6 44. Qg5 Qb8+ 45. Kh1 Ng3+ 46. Kg1 Re1+ 47. Kf2 Rf1+ 48. Ke3 Qe8+ 49. Kd3 Qe2# 0-1

[Event "Late-Titled-Tuesday-Blitz-February-20-2024"]
[Site "Chess.com"]
[Date "2024.02.20"]
[Round "7"]
[White "CarlosjPineror"]
[Black "pavet"]
[Result "1-0"]
[WhiteElo "2584"]
[BlackElo "2734"]
[TimeControl "180+1"]
[EndTime "15:17:41 PST"]
[Termination "CarlosjPineror won by checkmate"]

1. e4 e5 2. Nf3 Nc6 3. d4 exd4 4.
Bc4 Nf6 5. e5 d5 6. Bb5 Ne4 7.
Nxd4 Bd7 8. O-O Bc5 9. Bxc6 bxc6 10. Be3 O-O 11. f3 Ng5 12. f4 Ne4 13. Nd2 Nxd2 14. Qxd2 Bb6 15. Nb3 f6 16. Bd4 fxe5 17. fxe5 Qh4 18.
a4 Rab8 19. Nc5 h6 20. a5 Bxc5 21. Bxc5 Rxf1+ 22. Rxf1 Rxb2 23. Qd3 Qe4 24. Qxe4 dxe4 25. Rf8+ Kh7 26. Rf7 Be6 27. Rxc7 Rxc2 28. Bxa7 Bd5 29. e6 Bxe6 30. Bd4 Kg6 31. a6 Bd5 32. Rxg7+ Kf5 33. a7 Ra2 34. h3 h5 35. Rh7 e3 36. Bxe3 Rxg2+ 37. Kf1 Ra2 38. Bc5 Bg2+ 39. Ke1 Bxh3 40.
Rh8 Bg2 41. a8=Q Rxa8 42. Rxa8 Bd5 43. Rh8 Kg4 44. Kf2 h4 45. Be7 h3 46. Rh4+ Kf5 47. Rxh3 Ke6 48. Bc5 Kf5 49. Ke3 Kg4 50. Rh8 Kf5 51.
Re8 Kf6 52. Kd4 Kf5 53. Re5+ Kf6 54. Bd6 Kg6 55. Ke3 Kf6 56. Kf4 Kg6 57. Be7 Kf7 58.
Bh4 Kg6 59. Rf5 Kg7 60. Kg5 Be4 61. Rf6 Bd5 62. Bg3 Kg8 63. Be5 Be4 64. Bc3 Kh7 65.
Rh6+ Kg8 66. Kf6 Bh7 67. Bb4 Be4 68. Bc5 Bh7 69. Rh2 Be4 70. Rh4 Bd5 71. Rg4+ Kh7 72. Rh4+ Kg8 73. Bd4 Bf3 74. Ke7 Bh5 75. Rxh5 c5 76. Rh8# 1-0

[Event "Late-Titled-Tuesday-Blitz-February-20-2024"]
[Site "Chess.com"]
[Date "2024.02.20"]
[Round "7"]
[White "ArtemDyachuk"]
[Black "DanielNaroditsky"]
[Result "1-0"]
[WhiteElo "2669"]
[BlackElo "3080"]
[TimeControl "180+1"]
[EndTime "15:17:43 PST"]
[Termination "ArtemDyachuk won by resignation"]

1. e4 Nf6 2. e5 Nd5 3. d4 d6 4.
c4 Nb6 5. f4 dxe5 6. fxe5 Bf5 7. Nc3 e6 8. Nf3 Bb4 9. Bd3 c5 10. Bg5 Qd7 11. Bxf5 cxd4 12. Nxd4 exf5 13. Nxf5 Qxd1+ 14. Rxd1 O-O 15. O-O Nc6 16. Nd5 Bc5+ 17. Kh1 Nxd5 18.
cxd5 Nxe5 19. Nxg7 Ng4 20. Nf5 f6 21. Bh4 Rad8 22. h3 Ne5 23. d6 Rd7 24. Rd5 b6 25.
Bg3 Ng6 26. a3 a5 27. h4 Re8 28. Nh6+ Kg7 29. Ng4 Re6 30. h5 Nh8 31. Rxf6 Rxf6 32.
Be5 Kf7 33. Bxf6 Ke6 34. Re5+ Kxd6 35. Bxh8 Rf7 36. Re4 Rf1+ 37. Kh2 Kd5 38. Re5+ Kc4 39. Ne3+ Bxe3 40. Rxe3 a4 41. Bc3 Rf5 42. g4 Rf7 43. Kg3 b5 44. g5 Kb3 45. g6 hxg6 46. hxg6 Rf1 47. g7 Kc2 48. Kg2 Rc1 49. g8=Q b4 50. Qg6+ Kb3 51. Bd4+ Ka2 52. axb4 Rc3 53. Bxc3 Kb3 54.
Qe6+ Kc2 55. Qe4+ 1-0

[Event "Late-Titled-Tuesday-Blitz-February-20-2024"]
[Site "Chess.com"]
[Date "2024.02.20"]
[Round "7"]
[White "Gentlejimmy7"]
[Black "CFalcons8"]
[Result "1-0"]
[WhiteElo "2576"]
[BlackElo "2421"]
[TimeControl "180+1"]
[EndTime "15:17:43 PST"]
[Termination "Gentlejimmy7 won by resignation"]

1. c4 c6 2. d4 d5 3. cxd5 cxd5 4. Nc3 Nf6 5. Nf3 Bf5 6. Bf4 e6 7. e3 Nc6 8. Bb5 Bb4 9. O-O O-O 10. Bxc6 bxc6 11.
Na4 Bd6 12. Bxd6 Qxd6 13. Ne5 Nd7 14. Nxd7 Qxd7 15. Nc5 Qd6 16. Qa4 Rab8 17. b3 Qc7 18. Rfc1 Rb6 19. Rc3 e5 20. Rac1 exd4 21. Qxd4 Rc8 22.
Na4 Rb5 23. Rc5 Qa5 24. Qxd5 Rxc5 25. Qxc5 Qd2 26. Ra1 Rd8 27. h3 Be4 28. Qc4 Bd5 29. Qc3 Qe2 30. Nc5 h6 31. Re1 Qh5 32. e4 Be6 33.
Nxe6 fxe6 34. Qxc6 Qe5 35. Qc2 Rf8 36. f3 Qd4+ 37. Qf2 Qe5 38. Qxa7 Qc3 39. Qf2 Ra8 40. Rd1 Kh7 41. Qd2 Qc5+ 42. Qd4 Qc2 43. e5 Rxa2 44.
Qd3+ Qxd3 45. Rxd3 Kg6 46. Rd4 Kf5 47. f4 h5 48. Kh2 h4 49. Rd7 Kxf4 50. Rxg7 Kxe5 51. Rg4 Rb2 52. b4 Kf5 53. Rxh4 e5 54. Kg3 Rb3+ 55.
Kf2 Kg5 56. Rc4 Kf5 57. g4+ Kg5 58. Kg2 Rb2+ 59. Kf3 Rb3+ 60. Ke4 Rxh3 61. Kxe5 Rh1 62. Kd6 Rb1 63. Kc6 Rb2 64. b5 Kf6 65. b6 Ke7 66. Kc7 Kf6 67. b7 Kg5 68. b8=Q Rxb8 69. Kxb8 1-0

[Event "Late-Titled-Tuesday-Blitz-February-20-2024"]
[Site "Chess.com"]
[Date "2024.02.20"]
[Round "7"]
[White "lucasran"]
[Black "Durarbayli"]
[Result "0-1"]
[WhiteElo "2644"]
[BlackElo "2950"]
[TimeControl "180+1"]
[EndTime "15:17:45 PST"]
[Termination "Durarbayli won on time"]

1. Nf3 c5 2. c4 Nc6 3. Nc3 g6 4.
e3 Nf6 5. d4 cxd4 6. exd4 d5 7.
cxd5 Nxd5 8. Qb3 Nxc3 9. Bc4 Nd5 10. Bxd5 e6 11. Bxc6+ bxc6 12. O-O Qd5 13. Qe3 f6 14.
Bd2 Kf7 15. Rfc1 Bb7 16. Qb3 Qxb3 17. axb3 Be7 18. Be3 Rhd8 19. Nd2 Rd5 20. Nc4 Bd8 21. Bf4 Ke7 22. Bd2 Rxd4 23. Bb4+ Kd7 24. Bc5 Rd3 25.
b4 a6 26. Rd1 Rd5 27. Ne3 Bc7 28. Nxd5 cxd5 29. b5 axb5 30. Rxa8 Bxa8 31. Ra1 Bb7 32. b4 e5 33. f3 d4 34. Kf2 f5 35. f4 d3 36.
fxe5 Bxe5 37. Rd1 Be4 38. g3 Ke6 39. Be3 Bc3 40. Bd2 Bd4+ 41. Be3 Bb2 42. Rb1 Be5 43.
Rc1 g5 44. Rc5 f4 45. gxf4 gxf4 46. Rxb5 fxe3+ 47. Kxe3 Bg6 48. h4 Bc3 49. Rg5 d2 50. Rg1 Bxb4 0-1

[Event "Late-Titled-Tuesday-Blitz-February-20-2024"]
[Site "Chess.com"]
[Date "2024.02.20"]
[Round "7"]
[White "subham777"]
[Black "GnowReopard"]
[Result "0-1"]
[WhiteElo "2607"]
[BlackElo "2828"]
[TimeControl "180+1"]
[EndTime "15:17:45 PST"]
[Termination "GnowReopard won on time"]

1. e4 c5 2. Nf3 d6 3. d4 cxd4 4. Qxd4 Nf6 5. e5 Nc6 6. Bb5 Nd7 7. Bxc6 bxc6 8. exd6 e5 9. Qe4 Bb7 10. O-O Bxd6 11.
Rd1 Qc7 12. Nc3 Rd8 13. Bg5 f6 14. Bh4 O-O 15. Qf5 Nc5 16. b4 Bc8 17. Qh5 Ne6 18. Bg3 Bxb4 19. Ne4 g6 20. Qh6 Rf7 21. Nxf6+ Rxf6 22.
Bxe5 Qg7 23. Qh4 Be7 24. Bxf6 Bxf6 25. Qc4 Rd5 26. Rab1 Qd7 27. Rxd5 cxd5 28. Qd3 Kg7 29. h3 d4 30. Nd2 Bb7 31. Qb3 Bd5 32. Qb8 h5 33. Nb3 Nf4 34. Qxf4 Bc6 35. Qg3 Qd5 36. Nd2 Be5 37. Qf3 Qc5 38. Qe2 Qd5 39. Nf3 Bf6 40.
Re1 h4 41. Qd3 Qxa2 42. Qd2 Qd5 43. Qf4 g5 44. Qg4 Kg6 45. Qc8 a5 46. Qb8 a4 47. Ra1 Qc5 0-1